 Dungeon Crawl Stone Soup version 0.21.0 (console) character file.

8018 ahub the Fighter (level 11, -2/130 HPs)
             Began as a Demonspawn Berserker on Jan 6, 2018.
             Was an Elder of Trog.
             Slain by a wyvern (7 damage)
             ... on level 10 of the Dungeon on Jan 7, 2018.
             The game lasted 00:30:35 (9508 turns).

ahub the Fighter (Demonspawn Berserker)             Turns: 9508, Time: 00:30:35

Health: -2/130     AC: 10    Str: 33 (34) XL:     11   Next: 4%
Magic:  0/20       EV: 15    Int:  9 (11) God:    Trog [****..]
Gold:   502        SH:  8    Dex: 12 (13) Spells: 10/10 levels left

rFire    + . .     SeeInvis +   E - +0 long sword
rCold    . . .     Gourm    .   G - +3 buckler of Generosity {*Slow Str+7 Int+2}
rNeg     + . .     Faith    .   b - +4 ring mail {rN+}
rPois    .         Spirit   +   (no helmet)
rElec    .         Reflect  .   C - scarf {cloud immunity}
rCorr    .         Harm     .   (no gloves)
MR       ++...     Clarity  +   (no boots)
Stlth    ..........             (no amulet)
HPRegen  1.31/turn              g - ring of magical power
MPRegen  0.34/turn              z - ring of see invisible

@: berserking, lethally poisoned (-2 -> -2), regenerating, very quick
A: talons 1, molten scales 1, blurry vision 1, clarity, deformed body, fire
resistance 1, strong 1, magic shield, magic regeneration, rot immunity
a: Berserk, Trog's Hand, Brothers in Arms, Burn Spellbooks, Renounce Religion


You were on level 10 of the Dungeon.
You worshipped Trog.
Trog was greatly pleased with you.
You were not hungry.

You visited 1 branch of the dungeon, and saw 10 of its levels.
You also visited: Ossuary.

You collected 758 gold pieces.
You spent 256 gold pieces at shops.

Inventory:

Hand Weapons
 a - a +0 falchion
 r - a +2 short sword of protection
 E - a +0 long sword (weapon)
Armour
 b - a +4 ring mail of positive energy (worn)
 C - a scarf of cloud immunity (worn)
 G - the +3 buckler of Generosity (worn) {*Slow Str+7 Int+2}
   (You bought it in a shop on level 8 of the Dungeon)

   It affects your strength (+7).
   It affects your intelligence (+2).
   It may slow you when you take damage.
Jewellery
 g - a ring of magical power (left hand)
 q - an uncursed ring of fire
 x - an uncursed ring of positive energy
 z - a ring of see invisible (right hand)
Wands
 s - a wand of paralysis (11)
 w - a wand of acid (3)
Scrolls
 e - 2 scrolls of blinking
 h - 5 scrolls of remove curse
 j - a scroll of magic mapping
 m - 4 scrolls of teleportation
 p - a scroll of fog
 t - 2 scrolls of immolation
 v - a scroll of enchant armour {unknown}
 y - 2 scrolls of identify
 A - a scroll of fear {unknown}
Potions
 f - a potion of degeneration
 i - 2 potions of brilliance {unknown}
 k - a potion of ambrosia {unknown}
 l - a potion of cancellation {unknown}
 n - a potion of agility {unknown}
 u - 2 potions of might {unknown}
Comestibles
 c - 15 rations
 d - 4 chunks of flesh


   Skills:
 + Level 8.4 Fighting
 + Level 7.6 Long Blades
 + Level 7.3 Armour
 + Level 7.3 Dodging
 * Level 6.5 Shields


You had 10 spell levels left.
You didn't know any spells.

Dungeon Overview and Level Annotations

Branches:
Dungeon (10/15)            Temple (0/1) D:7
   Lair: D:8-11         Orc: D:9-12

Altars:
Ashenzari
Cheibriados
Dithmenos
Elyvilon
Fedhas
Gozag
Kikubaaqudgha
Nemelex Xobeh
Okawaru
Sif Muna
Trog
Yredelemnul
Zin
The Shining One
Beogh

Shops:
D:8 *[[**


Innate Abilities, Weirdness & Mutations

You have sharp toenails.
You are partially covered in molten scales. (AC +2)
When hurt, damage is shared between your health and your magic reserves.
You regenerate magic rapidly.
You are immune to rotting.
Scrolls take you a little longer to read.
You possess an exceptional clarity of mind.
Armour fits poorly on your strangely shaped body.
Your flesh is heat resistant. (rF+)
Your muscles are strong. (Str +2)


Message History

You feel sick.
The wyvern hisses menacingly.
You feel sick.
You feel sick.
You feel sick.
A red film seems to cover your vision as you go berserk!
You feel yourself moving faster!
You feel mighty!
You feel quite a bit more hungry. The wyvern misses you.
You riposte.
You slash the wyvern! Your kick misses the wyvern.
The wyvern is moderately wounded.
The wyvern bites you but does no damage.
Some of the chunks of flesh in your inventory have rotted away.
You barely miss the wyvern. Your kick misses the wyvern.
The wyvern is moderately wounded.
You feel sick. The wyvern bites you!
* * * LOW HITPOINT WARNING * * *
You barely miss the wyvern. You claw the wyvern.
The wyvern is heavily wounded.
You feel the effects of Trog's Hand fading.
The wyvern bites you!
You die...

..[........PP...
.......#.PP_PP.#
....<....P.PPP..
..###.........†.yPPPP...
................oyy(((...
..............(..ly.#.(..
.................###.....
..<..............# #.....
....$............###....#
........l###..........[.#
........@# #............#
.........###.............
.........................
.###.....................
##....................
#[...................
#..........###.......
..........## ##......
...........# #......
..........## ##......
...........###.......


You could see a wyvern.

Vanquished Creatures
  Pikel (D:9)
  An unseen horror (D:10)
  A queen bee (D:8)
  A hornet (D:9)
  The ghost of Gorglomux the Firebug, an amateur DrFE (D:4)
  A wyvern (D:6)
  5 yaks (D:9)
  A hungry ghost (D:9)
  Grum (D:10)
  A water moccasin (D:7)
  Duvessa (D:6)
  2 orc warriors
  An ice beast (D:6)
  2 sky beasts
  A slave (D:9)
  3 black bears
  3 ogres
  2 wolves (D:10)
  A crocodile (D:7)
  3 centaurs
  2 elf zombies (D:7)
  5 bullfrogs
  A big kobold (D:10)
  A gnoll sergeant (D:8)
  An elf skeleton (D:7)
  4 scorpions
  Dowan (D:6)
  17 killer bees
  5 wights (D:9)
  4 howler monkeys
  2 crimson imps
  A centaur zombie (D:9)
  11 orc wizards
  7 orc priests
  2 hounds
  4 jellies
  Jessica (D:2)
  4 iguanas
  3 human skeletons (D:7)
  9 worker ants
  A killer bee zombie (D:7)
  A big kobold zombie (Ossuary)
  8 mummies (Ossuary)
  A hound zombie (D:6)
  2 worker ant zombies (D:8)
  8 gnolls
  7 adders
  4 shadow imps
  2 oozes
  An adder skeleton (D:4)
  5 worms
  4 dart slugs
  3 leopard geckos
  41 orcs
  3 ball pythons
  3 giant cockroaches
  A gnoll zombie (Ossuary)
  5 goblins
  2 hobgoblins
  7 kobolds
  4 quokkas
  5 bats
  4 frilled lizards
  2 hobgoblin zombies (Ossuary)
  A kobold zombie (Ossuary)
  A leopard gecko skeleton (D:8)
  3 orc zombies (Ossuary)
  A quokka skeleton (D:4)
  A quokka zombie (D:9)
  3 rats
252 creatures vanquished.

Vanquished Creatures (others)
  An orc wizard (D:9)
1 creature vanquished.

Grand Total: 253 creatures vanquished

Notes
Turn   | Place    | Note
-------+----------+-------------------------------------------
     0 | D:1      | ahub the Demonspawn Berserker began the quest for the Orb.
     0 | D:1      | Reached XP level 1. HP: 18/18 MP: 1/1
   137 | D:1      | Gained mutation: When hurt, damage is shared between your health and your magic reserves. [demonic ancestry]
   137 | D:1      | Reached XP level 2. HP: 24/24 MP: 2/2
   868 | D:2      | Noticed Jessica
   875 | D:2      | Killed Jessica
   875 | D:2      | Reached XP level 3. HP: 24/29 MP: 3/3
  1255 | D:2      | Gained mutation: You are immune to rotting. [demonic ancestry]
  1255 | D:2      | Reached XP level 4. HP: 34/35 MP: 4/4
  1319 | D:2      | Found a bloodstained altar of Trog.
  1545 | D:3      | Reached ** piety under Trog
  1671 | D:3      | Found a bloodstained altar of Trog.
  1902 | D:3      | Found a glowing golden altar of the Shining One.
  1919 | D:3      | Gained mutation: You have sharp toenails. [demonic ancestry]
  1919 | D:3      | Reached XP level 5. HP: 36/42 MP: 5/5
  2301 | D:4      | Found a deep blue altar of Sif Muna.
  2391 | D:4      | Found a shattered altar of Ashenzari.
  2427 | D:4      | Noticed Gorglomux's ghost (amateur DrFE)
  2448 | D:4      | Killed Gorglomux's ghost
  2448 | D:4      | Reached skill level 4 in Fighting
  2448 | D:4      | Reached XP level 6. HP: 49/49 MP: 6/6
  3235 | D:5      | Entered Level 5 of the Dungeon
  3400 | D:5      | Gained mutation: You regenerate magic rapidly. [demonic ancestry]
  3400 | D:5      | Reached XP level 7. HP: 51/55 MP: 7/7
  3622 | D:5      | Found a glowing silver altar of Zin.
  3622 | D:5      | Found an opulent altar of Gozag.
  3725 | D:5      | Reached skill level 5 in Fighting
  3837 | D:5      | Found a basalt altar of Yredelemnul.
  4025 | D:6      | Noticed a wyvern
  4037 | D:6      | Killed a wyvern
  4037 | D:6      | Reached skill level 5 in Long Blades
  4037 | D:6      | Gained mutation: You are partially covered in molten scales. (AC +2) [demonic ancestry]
  4037 | D:6      | Reached XP level 8. HP: 40/63 MP: 8/8
  4120 | D:6      | Reached skill level 5 in Armour
  4123 | D:6      | Reached skill level 6 in Fighting
  4123 | D:6      | Reached skill level 5 in Dodging
  4156 | D:6      | Reached *** piety under Trog
  4556 | D:6      | Noticed Dowan
  4558 | D:6      | Noticed Duvessa
  4567 | D:6      | Killed Dowan
  4576 | D:6      | Killed Duvessa
  5093 | D:7      | Reached XP level 9. HP: 46/71 MP: 9/9
  5173 | D:7      | Found a white marble altar of Elyvilon.
  5204 | D:7      | Found an iron altar of Okawaru.
  5344 | D:7      | Reached skill level 1 in Shields
  5377 | D:7      | Found a sand-covered staircase.
  5392 | Ossuary  | Entered an ossuary
  5702 | Ossuary  | Reached **** piety under Trog
  6099 | D:7      | Reached skill level 7 in Fighting
  6150 | D:7      | Found a snail-covered altar of Cheibriados.
  6279 | D:7      | Found a staircase to the Ecumenical Temple.
  6385 | D:7      | Found a shadowy altar of Dithmenos.
  6615 | D:8      | Found Wyodi's Antique Armour Boutique.
  6620 | D:8      | Bought a bloodstained buckler for 256 gold pieces
  6630 | D:8      | Identified the +3 buckler of Generosity {*Slow Str+7 Int+2} (You bought it in a shop on level 8 of the Dungeon)
  6641 | D:8      | Found Caugesu's Armour Emporium.
  6645 | D:8      | Found Ryemave's General Store.
  6756 | D:8      | Noticed a queen bee
  6770 | D:8      | Found Zuegis's General Store.
  6983 | D:8      | Gained mutation: Your muscles are strong. (Str +2) [potion of mutation]
  6983 | D:8      | Gained mutation: You are frail. (-10% HP) [potion of mutation]
  6983 | D:8      | Gained mutation: You possess an exceptional clarity of mind. [potion of mutation]
  6984 | D:8      | Lost mutation: You are frail. (-10% HP) [potion of mutation]
  6984 | D:8      | Lost mutation: Your muscles are strong. (Str +2) [potion of mutation]
  6984 | D:8      | Gained mutation: Your flesh is heat resistant. (rF+) [potion of mutation]
  6984 | D:8      | Gained mutation: Armour fits poorly on your strangely shaped body. [potion of mutation]
  6984 | D:8      | Gained mutation: Scrolls take you a little longer to read. [potion of mutation]
  6984 | D:8      | Gained mutation: Your muscles are strong. (Str +2) [potion of mutation]
  7060 | D:8      | Reached XP level 10. HP: 59/79 MP: 10/10
  7280 | D:8      | Found Iblelax's Assorted Antiques.
  7675 | D:9      | Found a sparkling altar of Nemelex Xobeh.
  7726 | D:9      | Reached skill level 5 in Shields
  7974 | D:9      | Found a roughly hewn altar of Beogh.
  8285 | D:9      | Reached skill level 8 in Fighting
  8390 | D:9      | Noticed Pikel
  8404 | D:9      | Killed Pikel
  8702 | D:9      | Found an ancient bone altar of Kikubaaqudgha.
  8973 | D:10     | Entered Level 10 of the Dungeon
  8994 | D:10     | Reached ***** piety under Trog
  9244 | D:10     | Noticed Grum
  9267 | D:10     | Killed Grum
  9460 | D:10     | Found a blossoming altar of Fedhas.
  9464 | D:10     | Noticed an unseen horror
  9479 | D:10     | Killed an unseen horror
  9479 | D:10     | Reached XP level 11. HP: 75/87 MP: 11/11
  9486 | D:10     | Paralysed by a hornet for 2 turns
  9496 | D:10     | HP: 4/87 [leopard gecko (1)]
  9501 | D:10     | HP: 4/87 [poisoned by a hornet]
  9507 | D:10     | HP: 4/130 [wyvern (4)]
  9508 | D:10     | Slain by a wyvern

Skill      XL: |  1  2  3  4  5  6  7  8  9 10 |
---------------+-------------------------------+-----
Dodging        | 2 3 4 5 6 7 |  7.3
Armour         | 2 3 4 5 6 7 |  7.3
Long Blades    | 3 4 5 6 7 |  7.6
Fighting       | 4 5 6 7 8 |  8.4
Shields        | 4 6 |  6.5

Action                   |  1- 3 |  4- 6 |  7- 9 | 10-12 || total
-------------------------+-------+-------+-------+-------++-------
Melee: Falchion          |    80 |   135 |   394 |       ||   609
       Kick              |       |    31 |   211 |   134 ||   376
       Long sword        |       |       |    87 |   258 ||   345
Invok: Berserk           |       |     3 |     7 |     3 ||    13
       Trog's Hand       |       |       |     7 |     3 ||    10
       Brothers in Arms  |       |       |       |     1 ||     1
Evoke: Wand              |       |     1 |       |       ||     1
  Use: Scroll            |       |     5 |     6 |     2 ||    13
       Potion            |       |       |    11 |     1 ||    12
  Eat: Chunk             |     1 |     5 |    13 |     8 ||    27
       Ration            |       |     1 |     4 |     1 ||     6
Armor: Animal skin       |     7 |       |       |       ||     7
       Ring mail         |    20 |    64 |   277 |    86 ||   447
Dodge: Dodged            |    57 |    86 |   452 |   252 ||   847
Block: Buckler           |       |       |    95 |   169 ||   264
       Rpst.: Falchion   |    21 |    28 |    94 |       ||   143
       Long sword        |       |       |    41 |    75 ||   116
